 Dungeon Crawl Stone Soup version 0.30.1-11-g7821555f0a (webtiles) character file.

Game seed: 304626250855642119

2871 pkoi the Grappler (level 9, -4/68 (74) HPs)
             Began as a Red Draconian Monk on Nov 3, 2023.
             Was a Priest of Qazlal.
             Slain by an orc warrior
             ... wielding a +1 halberd of electrocution
              (15 damage)
             ... in a bailey.
             The game lasted 00:08:44 (9041 turns).

pkoi the Grappler (Red Draconian Monk)              Turns: 9041, Time: 00:08:45

HP:   -4/68 (74)    AC:  8    Str: 14    XL:     9   Next: 47%
MP:   8/14          EV: 13    Int: 15    God:    Qazlal [***...]
Gold: 170           SH:  4    Dex: 13    Spells: 8/8 levels left

rFire   + .          .
                       - Unarmed
rCold   . . .        b - orb {light}
rNeg    . . .        (body armour unavailable)
rPois   .            t - +0 hat
rElec   .            (no cloak)
rCorr   .            (no gloves)
SInv    .            c - +0 pair of boots
Will    .....        (no amulet)
Stlth   +            (no ring)
HPRegen 0.31/turn    (no ring)
MPRegen 0.14/turn

%: no passive effects
@: glowing, drained
A: breathe fire, AC +7, unfitting armour, fire resistance 1, cold-blooded
a: Breathe Fire, Renounce Religion, Upheaval, Elemental Force


You were in a bailey.
You worshipped Qazlal.
Qazlal was most pleased with you.
You visited 2 branches of the dungeon, and saw 8 of its levels.
You also visited: Bailey.

You collected 266 gold pieces.
You spent 96 gold pieces at shops.

Inventory:

Hand Weapons
 g - a +0 dagger
 j - a +0 whip
 k - a +4 dagger of holy wrath
Missiles
 n - 2 datura-tipped darts (quivered)
 o - 8 poisoned darts
Armour
 b - an orb of light (worn)
 c - a +0 pair of boots (worn)
 t - a +0 hat (worn)
Jewellery
 v - a ring of fire
Wands
 m - a wand of digging (4)
 q - a wand of polymorph (8)
 y - a wand of acid (23)
Scrolls
 i - a scroll of identify
 l - a scroll of blinking
 r - a scroll of enchant armour
 s - a scroll of teleportation
 u - 2 scrolls of poison
 w - a scroll of fear
 x - a scroll of vulnerability
 z - a scroll of magic mapping
Potions
 a - 2 potions of ambrosia
 d - a potion of berserk rage
 e - 3 potions of magic
 f - 3 potions of invisibility
 h - 3 potions of heal wounds
 p - a potion of haste
 A - a potion of cancellation {unknown}
 B - a potion of resistance


   Skills:
 - Level 5.0 Fighting
 - Level 4.1 Dodging
 + Level 9.8 Unarmed Combat
 + Level 7.6 Invocations
 - Level 3.1 Evocations


You had 8 spell levels left.
You didn't know any spells.
Your spell library contained the following spells:

 Spells                   Type           Power      Damage    Failure   Level
 Ensorcelled Hibernation  Hex/Ice        0%         N/A       38%         2
 Spider Form              Tmut/Pois      0%         N/A       63%         3
 Anguish                  Hex/Necr       0%         N/A       95%         4


Dungeon Overview and Level Annotations

Branches:
Dungeon (7/15)             Temple (1/1) D:4          Bailey (1/1)

Altars:
Ashenzari
Cheibriados
Dithmenos
Fedhas
Gozag
Hepliaklqana
Kikubaaqudgha
Makhleb
Nemelex Xobeh
Okawaru
Qazlal
Ru
Sif Muna
Trog
Uskayaw
Vehumet
Wu Jian
Xom
Yredelemnul
Zin

Shops:
D:5 ?


Innate Abilities, Weirdness & Mutations

You can breathe blasts of fire.
Your fiery red scales are hard. (AC +7)
You cannot fit into any form of body armour.
Your flesh is heat resistant. (rF+)
You are cold-blooded and may be slowed by cold attacks.


Message History

The storm surrounding you is now too weak to repel missiles.
You will no longer adapt resistances upon receiving elemental damage.
You block the gnoll's attack.
Unknown command.
Aiming: Upheaval
Press: ? - help, Dir - move target, f/p - orc warrior
Aim: an orc warrior, wielding a +1 halberd of electrocution and wearing a +0 plate armour (moderately wounded, encased in ice, haloed)
A blizzard blasts the area with ice!
The blast of ice hits the orc warrior!
The orc warrior is severely wounded.
The gnoll closely misses you.
Unknown command.
You hit the gnoll.
The gnoll is almost dead.
You block the orc warrior's attack.
A gnoll comes into view.
It is wielding a +0 halberd of electrocution.
The gnoll closely misses you.
You barely miss the gnoll.
The gnoll is severely wounded.
The orc warrior hits you from afar with a +1 halberd of electrocution.
You are electrocuted!
The gnoll barely misses you.
You punch the gnoll!
You kill the gnoll!
Qazlal accepts your kill.
The orc warrior is no longer encased in ice.
The orc warrior drinks a potion.
The orc warrior flickers and vanishes for a moment.
You block the gnoll's attack.
The orc warrior hits you with a +1 halberd of electrocution!
* * * LOW HITPOINT WARNING * * *
You see here a +0 halberd of electrocution.
Unknown command.
You hit the orc warrior but do no damage.
Your tail-slap misses the orc warrior.
The orc warrior is severely wounded.
The gnoll hits you from afar with a +2 halberd of draining.
* * * LOW HITPOINT WARNING * * *
You feel drained.
The orc warrior hits you with a +1 halberd of electrocution!
You die... ### ### ## gg#

#.###.# #o##'##'#
#@.§..## ###○°...###
#.').⌠..'.#
###...).### ##.....##
+###'##'##'##
#g#.###.###.# ### ###
##### ### #)#
#)###.###.#.###.###)#


You could see an orc warrior (invisible) and 2 gnolls.

Vanquished Creatures
  A troll (D:7)
  Grinder (D:4)
  4 water moccasins
  A sky beast (D:6)
  A black bear (D:6)
  An ogre (D:5)
  A centaur (D:6)
  3 phantoms
  A bullfrog (D:6)
  A gnoll sergeant (D:6)
  9 scorpions
  A howler monkey (D:4)
  An orc priest (D:6)
  A jelly (D:5)
  3 hounds
  5 iguanas
  A sleepcap (D:4)
  Ijyb (D:4)
  3 orc wizards
  Robin (D:1)
  15 gnolls
  10 adders
  A shadow imp (D:6)
  2 dart slugs
  27 orcs
  7 endoplasms
  3 giant cockroaches
  18 goblins
  5 hobgoblins
  6 jackals
  7 kobolds
  4 quokkas
  5 ball pythons
  12 bats
  4 frilled lizards
  2 rats
169 creatures vanquished.

Notes
Turn   | Place    | Note
-------+----------+-------------------------------------------
     0 | D:1      | pkoi the Draconian Monk began the quest for the Orb.
     0 | D:1      | Reached XP level 1. HP: 19/19 MP: 1/1
    90 | D:1      | Reached XP level 2. HP: 25/26 MP: 2/2
   743 | D:2      | Noticed Robin
   751 | D:1      | Reached skill level 4 in Unarmed Combat
   923 | D:1      | Reached XP level 3. HP: 8/31 MP: 3/3
  1125 | D:1      | Killed Robin
  1601 | D:2      | Found a blossoming altar of Fedhas.
  1746 | D:2      | Reached XP level 4. HP: 37/38 MP: 4/4
  1864 | D:2      | Reached skill level 5 in Unarmed Combat
  2196 | D:3      | Noticed a scorpion
  2224 | D:3      | Killed a scorpion
  2225 | D:3      | Reached XP level 5. HP: 29/45 MP: 5/5
  3204 | D:4      | Noticed Grinder
  3204 | D:4      | Paralysed by Grinder for 5 turns
  3214 | D:4      | Paralysed by Grinder for 2 turns
  3383 | D:4      | Reached skill level 6 in Unarmed Combat
  3588 | D:4      | Noticed Ijyb
  3605 | D:4      | Killed Ijyb
  3606 | D:4      | Reached skill level 1 in Evocations
  3877 | D:4      | Reached XP level 6. HP: 41/52 MP: 6/6
  4252 | D:4      | Killed Grinder
  4253 | D:4      | Your scales start taking on a fiery red colour.
  4253 | D:4      | Reached XP level 7. HP: 48/60 MP: 7/7
  4253 | D:4      | Gained mutation: Your flesh is heat resistant. (rF+) [Red
                  | Draconian growth]
  4391 | D:4      | Found a staircase to the Ecumenical Temple.
  4405 | Temple   | Entered the Ecumenical Temple
  4726 | Temple   | Became a worshipper of Qazlal Stormbringer
  4726 | Temple   | Reached * piety under Qazlal
  4726 | Temple   | Reached ** piety under Qazlal
  4952 | D:5      | Entered Level 5 of the Dungeon
  5029 | D:5      | Found Coynash's Magic Scroll Shoppe.
  5040 | D:5      | Bought a scroll of fear for 48 gold pieces
  5040 | D:5      | Bought a scroll of vulnerability for 48 gold pieces
  5080 | D:5      | Reached skill level 5 in Fighting
  5080 | D:5      | Reached skill level 1 in Invocations
  5163 | D:5      | Reached skill level 7 in Unarmed Combat
  5439 | D:5      | Reached XP level 8. HP: 68/68 MP: 9/9
  6097 | D:6      | Reached skill level 8 in Unarmed Combat
  6613 | D:6      | Reached skill level 5 in Invocations
  7059 | D:5      | Reached skill level 9 in Unarmed Combat
  7059 | D:5      | Reached XP level 9. HP: 50/74 MP: 13/13
  7871 | D:6      | Reached *** piety under Qazlal
  8511 | D:6      | Found a shadowy altar of Dithmenos.
  8524 | D:6      | Found a radiant altar of Vehumet.
  8655 | D:7      | Noticed a troll
  8656 | D:7      | Found a flagged portal.
  8660 | D:7      | Killed a troll
  8681 | Bailey   | Entered a bailey
  8963 | Bailey   | Reached **** piety under Qazlal
  9041 | Bailey   | Slain by an orc warrior

Illustrated notes

Levels and vault maps discovered:
D:1:      psy_arrival_heroes, layout_basic, minmay_misc_feat_encased
D:2:      layout_basic, basic_altar, uniq_robin
D:3:      layout_basic
D:4:      minmay_bubble_buster, layout_basic, nicolae_overflow_hidden_temple,
          minmay_temple_entry_junction, uniq_grinder, uniq_ijyb
D:5:      layout_loops_cross, serial_shops, shop, serial_rivers,
          chequers_serial_rivers_large_a, chequers_serial_rivers_small_3,
          chequers_serial_rivers_micro_c, chequers_serial_rivers_small_3,
          grunt_ministairs_14
D:6:      old_forge, layout_basic, mainiacjoe_overflow_swirl
D:7:      layout_basic, enter_bailey_5, kennysheep_generic_room_4
Temple:   hc_temple_tempest_star
Bailey:   bailey_polearm_nasty_gnolls, bailey

Skill      XL: |  1  2  3  4  5  6  7  8  9 |
---------------+----------------------------+-----
Unarmed Combat | 4 5 6 7 9 |  9.8
Evocations     | 1 2 3 |  3.1
Dodging        | 3 4 |  4.1
Fighting       | 4 5 |  5.0
Invocations    | 2 6 7 |  7.6

Action                     |  1- 3 |  4- 6 |  7- 9 || total
---------------------------+-------+-------+-------++-------
  Melee: Unarmed           |    78 |   152 |   327 ||   557
         Tailslap          |    16 |    23 |    54 ||    93
         Dagger            |    21 |       |       ||    21
 Invoke: Upheaval          |       |       |     2 ||     2
  Evoke: Wand              |       |     1 |       ||     1
    Use: Scroll            |     3 |     6 |       ||     9
         Potion            |     3 |     6 |     4 ||    13
 Armour: Skin              |    35 |    36 |    97 ||   168
  Dodge: Dodged            |    73 |    97 |   221 ||   391
  Block: Orb               |       |       |    60 ||    60
